Map: Ley Lines

Players

kitune

  • Race: Zerg Zerg
  • Spawn Location: 7:00

frugs - Winner!

  • Race: Protoss Protoss
  • League: Master
  • Spawn Location: 1:00

VOD

Have the link to the VOD?

Description

Time

  • Played on: Aug. 24, 2025, 1:03 p.m.
  • Length: 4:48
Show
View Real Time Build Order
Export as new Build Order

kitune Zerg 

Build Orders: Hatch First 

Get SALT Encoding   

  12  0:01  Drone  
  13  0:08  Drone  
  14  0:17  Extractor  
  14  0:18  Drone  
  15  0:22  Overlord  
  15  0:43  Drone  
  15  0:47  Hatchery  
  15  0:51  Drone  
  15  0:55  Drone  
  17  0:58  Drone  
  18  1:08  Extractor  
  17  1:14  Spawning Pool  
  17  1:17  Drone  
  17  1:20  Drone  
  18  1:28  Drone  
  19  1:39  Overlord  
  19  1:49  Drone  
  20  2:01  Queen x2  
  24  2:03  Zergling x2  
  24  2:06  Zergling x2  
  26  2:12  Metabolic Boost  
  26  2:16  Drone  
  26  2:19  Drone  
  26  2:22  Drone  
  29  2:25  Drone  
  30  2:36  Queen  
  32  2:41  Overlord  
  32  2:49  Lair  
  32  2:55  Drone x2  
  32  2:56  Drone  
  35  3:00  Extractor  
  34  3:07  Drone  
  34  3:08  Drone x2  
  34  3:09  Drone  
  38  3:18  Overlord  
  38  3:21  Drone  
  38  3:22  Drone x3  
  38  3:25  Drone  
  43  3:50  Extractor  
  43  3:54  Drone, Hydralisk Den  
  41  3:56  Drone  
  41  3:57  Drone x8  
  50  4:17  Overlord x4  
  50  4:28  Zergling x2  
  50  4:30  Hatchery  
  50  4:38  Evolution Chamber  
  50  4:39  Evolution Chamber  
Show
View Real Time Build Order
Export as new Build Order

frugs Protoss - Winner!

Build Orders: 1 Gate Expand 

Get SALT Encoding   

  12  0:00  Probe  
  13  0:12  Probe  
  14  0:18  Pylon  
  14  0:24  Probe  
  15  0:34  Probe  
  15  0:38  Gateway  
  15  0:42  Probe  
  17  0:51  Assimilator, Probe  
  18  1:03  Probe  
  19  1:15  Probe  
  20  1:24  Nexus  
  20  1:35  Cybernetics Core  
  20  1:37  Probe  
  21  1:43  Assimilator  
  21  1:49  Pylon  
  21  1:52  Probe  
  22  2:02  Probe  
  23  2:10  Probe  
  23  2:11  Adept  
  23  2:12  Warp Gate  
  26  2:22  Robotics Facility  
  26  2:23  Probe  
  27  2:35  Probe  
  27  2:36  Probe  
  29  2:41  Sentry  
  33  2:58  Pylon  
  31  2:59  Immortal  
  31  3:04  Adept  
  37  3:18  Gateway  
  37  3:19  Gateway  
  37  3:21  Gateway  
  37  3:28  Gateway, Warp Prism  
  39  3:46  Gateway  
  39  3:57  Pylon  
  39  4:04  Zealot  
  41  4:17  Pylon  
  41  4:24  Zealot x5  
  51  4:40  Zealot  
  51  4:45  Zealot x5  
Tags
 
Add a new tag
Caveats
  • Supply blocks, unpowered buildings, or Contaminate may cause inaccurate times.
  • Supply counts are checked every 10 seconds.